 Dungeon Crawl Stone Soup version bcrawl-1.21.2-28-g2cb1824106 (webtiles) character file.

Game seed: 8179788128176973285

8678 Freyura the Basher (level 11, 0/68 HPs)
             Began as a Gargoyle Fighter on Mar 24, 2020.
             Was a Priest of the Shining One.
             Slain by a manticore (6 damage)
             ... on level 9 of the Dungeon.
             The game lasted 00:32:15 (9053 turns).

Freyura the Basher (Gargoyle Fighter)               Turns: 9053, Time: 00:32:15

Health: 0/68       AC: 29    Str: 20    XL:     11   Next: 34%
Magic:  11/14      EV:  9    Int:  9    God:    the Shining One [***...]
Gold:   422        SH: 19    Dex: 12    Spells: 10/10 levels left

rFire    + + .     SeeInvis .   v - +1 morningstar
rCold    + . .     Gourm    .   c - +0 medium shield
rNeg     + + .     Faith    +   l - +0 chain mail
rPois    ∞         Spirit   .   (no helmet)
rElec    +         Reflect  .   s - +2 cloak {rPois}
rCorr    +         Harm     .   p - +2 pair of gloves
MR       .....                  D - +2 pair of boots
Stlth    ..........             h - amulet of faith
HPRegen  0.21/turn              A - ring of protection from fire
MPRegen  0.14/turn              (no ring)

@: divine shield, resistant, glowing
A: negative energy resistance 1, electricity resistance, unbreathing,
petrification resistance, rot immunity, AC +8
a: Divine Shield, Renounce Religion


You were on level 9 of the Dungeon.
You worshipped the Shining One.
The Shining One was most pleased with you.
You were hungry.

You visited 2 branches of the dungeon, and saw 10 of its levels.

You collected 422 gold pieces.

Inventory:

Hand Weapons
 v - a +1 morningstar (weapon)
Armour
 c - a +0 medium shield (worn)
 l - a +0 chain mail (worn)
 p - a +2 pair of gloves (worn)
 s - a +2 cloak of poison resistance (worn)
 D - a +2 pair of boots (worn)
Jewellery
 h - an amulet of faith (around neck)
 u - an uncursed amulet of the acrobat
 A - a ring of protection from fire (left hand)
 B - an uncursed ring of wizardry
Wands
 b - a wand of acid (2)
 q - a wand of iceblast (5)
Scrolls
 a - a scroll of acquirement {unknown}
 f - 6 scrolls of teleportation
 i - 3 scrolls of fog
 j - 4 scrolls of magic mapping
 k - 6 scrolls of identify
 n - 5 scrolls of remove curse
 o - a scroll of blinking
 x - a scroll of enchant armour
 y - 2 scrolls of amnesia
Potions
 d - a potion of mutation {unknown}
 g - 2 potions of lignification
 m - 2 potions of flight
 r - 2 potions of haste
 w - 2 potions of curing
Comestibles
 e - 12 rations {!d}


   Skills:
 + Level 8.1 Fighting
 * Level 10.0 Maces & Flails
 + Level 8.2 Armour
 + Level 5.6 Dodging
 + Level 8.1 Shields
 + Level 5.0 Invocations


You had 10 spell levels left.
You didn't know any spells.
Your spell library contained the following spells:

 Spells                   Type           Power        Failure   Level  Hunger
 Animate Skeleton         Necr           N/A          100%        1    ##.....
 Infusion                 Chrm           #.......     100%        1    ##.....
 Magic Dart               Conj           #...         100%        1    ##.....
 Pain                     Necr           #.....       100%        1    ##.....
 Sandblast                Erth           #.....       100%        1    ##.....
 Blink                    Tloc           N/A          100%        2    ###....
 Call Imp                 Summ           #.....       100%        2    ###....
 Passwall                 Tmut/Erth      #.......     100%        2    ###....
 Song of Slaying          Chrm           #.......     100%        2    ###....
 Conjure Flame            Conj/Fire      #.......     100%        3    ####...
 Mephitic Cloud           Conj/Pois/Air  #.......     100%        3    ####...
 Ozocubu's Armour         Chrm/Ice       #.......     100%        3    ####...
 Regeneration             Chrm/Necr      #.........   100%        3    ####...
 Spectral Weapon          Hex/Chrm       #.......     100%        3    ####...
 Spider Form              Tmut/Pois      #..          100%        3    ####...
 Stone Arrow              Conj/Erth      #.....       100%        3    ####...
 Vampiric Draining        Necr           #.........   100%        3    ####...
 Animate Dead             Necr           N/A          100%        4    #####..
 Petrify                  Tmut/Erth      #.......     100%        4    #####..
 Bolt of Draining         Conj/Necr      #.........   100%        5    ######.
 Lee's Rapid Deconstruct  Erth           #.........   100%        5    ######.


Dungeon Overview and Level Annotations

Branches:
Dungeon (9/12)             Temple (1/1) D:5            Lair (0/6) D:8
    Orc: D:8-11

Altars:
Ashenzari
Cheibriados
Dithmenos
Elyvilon
Fedhas
Gozag
Hepliaklqana
Kikubaaqudgha
Lugonu
Makhleb
Nemelex Xobeh
Okawaru
Qazlal
Ru
Sif Muna
Trog
Uskayaw
Vehumet
Wu Jian
Xom
Yredelemnul
Zin
The Shining One

Shops:
D:5 %


Innate Abilities, Weirdness & Mutations

You are resistant to torment.
Your stone body is resilient. (AC +8)
You are immune to poison.
You resist negative energy. (rN+)
You are resistant to electric shocks. (rElec)
You can survive without breathing.
You are immune to petrification.
You are immune to rotting.


Message History

* * * LOW HITPOINT WARNING * * *
The manticore claws you but does no damage.
You block the centaur's attack.
The cyclops hits you but does no damage.
Your shield is strengthened by the Shining One's divine power.
You feel slightly more hungry. You block the centaur's attack.
The manticore bites you! The Shining One protects you from harm!
The manticore claws you but does no damage.
You block the manticore's attack. You block the centaur's attack.
You block the cyclops's attack.
You puncture the centaur!
The centaur is severely wounded.
The manticore barely misses you. You block the manticore's attack. x2
The centaur hits you but does no damage.
You puncture the centaur!
You kill the centaur!
You block the manticore's attack. x3; The cyclops closely misses you.
The manticore bites you.
You die...

.#.......#########......#
##.......# ##..........
######'## #.......#####
#...# #......... #.###
##...####.. #.# ##...# ..
#.# #....# ..
#####'#######....# .#
.....[......#..H@#..#C.=
............'..#)C....=.
..).........#..#...#."..
............#..#./.# .#
...........†##.#...#
............).)##...
#############...#....
#...###%.. #..... ####


You could see a manticore and a cyclops.

Vanquished Creatures
  2 two-headed ogres
  A cyclops (D:9)
  2 ugly things
  A troll (D:7)
  3 hippogriffs
  A shadow (D:9)
  A wyvern (D:9)
  Menkaure (D:5)
  A porcupine (D:8)
  3 orc warriors
  2 phantoms (D:5)
  4 sky beasts
  A black bear (D:9)
  5 centaurs
  A necrophage (D:8)
  6 ogres
  2 big kobolds
  Blork the orc (D:5)
  3 bullfrogs (D:8)
  4 scorpions
  7 wights (D:9)
  2 crimson imps
  2 centaur zombies
  5 centaur skeletons
  9 orc wizards
  A bullfrog skeleton (D:5)
  6 orc priests
  3 hounds (D:4)
  6 jellies
  Crazy Yiuf (D:2)
  An iguana (D:4)
  Natasha (thrice) (D:4)
  10 worker ants
  2 hound skeletons
  5 gnolls
  11 adders
  3 shadow imps
  7 oozes
  An adder zombie (D:8)
  An adder skeleton (D:6)
  3 worms
  3 dart slugs
  A leopard gecko (D:4)
  27 orcs
  9 bats
  4 giant cockroaches
  2 goblins
  4 hobgoblins
  9 jackals
  19 kobolds
  4 quokkas
  2 ball pythons
  10 frilled lizards
  A jackal zombie (D:3)
  9 rats
  A fungus (D:2)
239 creatures vanquished.

Vanquished Creatures (collateral kills)
  A worker ant (D:8)
1 creature vanquished.

Vanquished Creatures (others)
  An orc wizard (D:4)
1 creature vanquished.

Grand Total: 241 creatures vanquished

Notes
Turn   | Place    | Note
-------+----------+-------------------------------------------
     0 | D:1      | Freyura the Gargoyle Fighter began the quest for the Orb.
     0 | D:1      | Reached XP level 1. HP: 14/14 MP: 1/1
   198 | D:1      | Reached XP level 2. HP: 19/19 MP: 2/2
   565 | D:1      | Reached XP level 3. HP: 22/23 MP: 3/3
  1400 | D:2      | Reached skill level 3 in Maces & Flails
  1400 | D:2      | Reached XP level 4. HP: 29/29 MP: 4/4
  1663 | D:2      | Found a runed door.
  1667 | D:2      | Noticed Crazy Yiuf
  1675 | D:2      | Killed Crazy Yiuf
  1675 | D:2      | Reached skill level 1 in Dodging
  1766 | D:3      | Found a stormy altar of Qazlal.
  1766 | D:3      | Found a hazy altar of Hepliaklqana.
  1766 | D:3      | Found a basalt altar of Yredelemnul.
  1973 | D:3      | Reached XP level 5. HP: 24/33 MP: 5/5
  2543 | D:4      | Noticed a sky beast
  2565 | D:4      | Killed a sky beast
  2565 | D:4      | Reached skill level 4 in Maces & Flails
  2565 | D:4      | Reached XP level 6. HP: 33/38 MP: 6/6
  2715 | D:4      | Reached XP level 7. HP: 42/44 MP: 7/7
  2965 | D:4      | Noticed Natasha
  2973 | D:4      | Killed Natasha
  3066 | D:4      | Found an iron altar of Okawaru.
  3176 | D:4      | Noticed Natasha
  3183 | D:4      | Killed Natasha
  3232 | D:4      | Reached skill level 5 in Maces & Flails
  3244 | D:4      | Noticed Natasha
  3254 | D:4      | Killed Natasha
  3275 | D:4      | Reached skill level 5 in Fighting
  3275 | D:4      | Reached skill level 5 in Shields
  3460 | D:4      | Reached skill level 5 in Armour
  3686 | D:4      | Reached XP level 8. HP: 49/49 MP: 8/8
  3917 | D:5      | Entered Level 5 of the Dungeon
  4015 | D:5      | HP: 2/49 [ogre/+0 giant club (13)]
  4253 | D:5      | Reached skill level 6 in Maces & Flails
  4265 | D:5      | Found Bujih's Food Shoppe.
  4490 | D:5      | Reached XP level 9. HP: 36/55 MP: 9/9
  4498 | D:5      | Noticed Blork the orc
  4509 | D:5      | Killed Blork the orc
  4649 | D:5      | Reached skill level 7 in Maces & Flails
  4691 | D:5      | Found a staircase to the Ecumenical Temple.
  4700 | Temple   | Entered the Ecumenical Temple
  4890 | Temple   | Became a worshipper of the Shining One
  4962 | D:5      | Noticed Menkaure
  4972 | D:5      | Killed Menkaure
  5085 | D:5      | Found a burning altar of Makhleb.
  5343 | D:6      | Found a burning altar of Makhleb.
  5376 | D:6      | Found an ornate altar of the Wu Jian Council.
  5484 | D:6      | Reached * piety under the Shining One
  5489 | D:6      | Reached skill level 1 in Invocations
  5738 | D:6      | Found a corrupted altar of Lugonu.
  6217 | D:7      | Got a shimmering glaive
  6324 | D:7      | Found an opulent altar of Gozag.
  6350 | D:7      | Noticed a troll
  6360 | D:7      | Killed a troll
  6360 | D:7      | Reached skill level 8 in Maces & Flails
  6842 | D:7      | Reached XP level 10. HP: 51/61 MP: 11/11
  7293 | D:7      | Noticed a two-headed ogre
  7301 | D:7      | Killed a two-headed ogre
  7683 | D:8      | Found an opulent altar of Gozag.
  7728 | D:8      | Reached ** piety under the Shining One
  7776 | D:8      | Noticed a two-headed ogre
  7784 | D:8      | Killed a two-headed ogre
  7792 | D:8      | Reached skill level 9 in Maces & Flails
  7800 | D:8      | Reached skill level 5 in Dodging
  7874 | D:8      | Found a staircase to the Lair.
  7992 | D:8      | Noticed a purple ugly thing
  8000 | D:8      | Killed a purple ugly thing
  8317 | D:9      | Reached XP level 11. HP: 64/68 MP: 14/14
  8412 | D:9      | Reached *** piety under the Shining One
  8500 | D:9      | Found a radiant altar of Vehumet.
  8709 | D:9      | Noticed a cyclops
  8722 | D:9      | Killed a cyclops
  9029 | D:9      | Noticed a cyclops
  9029 | D:9      | Noticed a manticore
  9029 | D:9      | Noticed a purple ugly thing
  9046 | D:9      | Killed a purple ugly thing
  9046 | D:9      | Reached skill level 10 in Maces & Flails
  9046 | D:9      | Reached skill level 5 in Invocations
  9051 | D:9      | The Shining One protects you from harm!
  9053 | D:9      | Slain by a manticore

Skill      XL: |  1  2  3  4  5  6  7  8  9 10 11 |
---------------+----------------------------------+-----
Maces & Flails | 3 4 5 6 8 9 10 | 10.0
Dodging        | 1 2 3 4 5 |  5.6
Armour         | 4 5 6 7 8 |  8.2
Shields        | 4 5 6 7 8 |  8.1
Fighting       | 4 5 6 7 8 |  8.1
Invocations    | 2 4 5 |  5.0

Action                   |  1- 3 |  4- 6 |  7- 9 | 10-12 || total
-------------------------+-------+-------+-------+-------++-------
Melee: Flail             |   191 |   197 |   113 |       ||   501
       Morningstar       |       |       |   339 |   228 ||   567
Invok: Divine Shield     |       |       |       |     1 ||     1
Evoke: Wand              |       |       |       |     1 ||     1
  Use: Scroll            |       |    12 |     6 |     4 ||    22
       Potion            |       |       |     3 |     2 ||     5
  Eat: Chunk             |     2 |     4 |    13 |     5 ||    24
       Ration            |       |       |     1 |       ||     1
Armor: Scale mail        |   131 |   133 |   268 |    36 ||   568
       Chain mail        |       |       |       |    99 ||    99
Dodge: Dodged            |    77 |    73 |   163 |    89 ||   402
Block: Medium shield     |   122 |   118 |   254 |   150 ||   644
